 Dungeon Crawl Stone Soup version 0.28.0-53-g5a82cb258f (webtiles) character file.

Game seed: 6915345453909504105

22276 unlimited1921 the Thaumaturge (level 13, -12/80 HPs)
             Began as a Djinni Fire Elementalist on Aug 14, 2022.
             Was a High Priest of Fedhas.
             Engulfed by a cloud of freezing vapour (31 damage)
             ... on level 1 of the Elven Halls.
             The game lasted 02:11:34 (20254 turns).

unlimited1921 the Thaumaturge (DjFE)               Turns: 20254, Time: 02:11:34

Health: -12/80     AC: 22    Str:  7 (9)  XL:     13   Next: 26%
Gold:   391        EV:  8    Int: 26      God:    Fedhas [*****.] SH: 17 Dex: 15

rFire   + . .      SeeInvis .   o - +8 whip of Pidd {vorpal, rPois rF- Str+2 Int+5}
rCold   x . .      Faith    .   m - +3 kite shield
rNeg    . . .      Spirit   .   I - +7 scale mail "Mafetsas" {Regen+}
rPois   ∞          Reflect  +   X - +1 hat {Stlth+}
rElec   .          Harm     .   N - scarf {repulsion}
rCorr   .          Rampage  .   b - +0 pair of gloves
Will    ++...                   (boots unavailable)
Stlth   ++........              F - amulet of reflection
HPRegen 1.03/turn               j - ring of willpower
MPRegen 0.00/turn               H - +4 ring of protection

@: flying, repel missiles
A: sickness immunity, fire resistance 2, cold vulnerability 1, float, innate
caster, HP casting, extra vitality 1
a: Renounce Religion, Wall of Briars, Grow Ballistomycete, Overgrow, Grow Oklob


You were on level 1 of the Elven Halls.
You worshipped Fedhas.
Fedhas was extremely pleased with you.
You visited 4 branches of the dungeon, and saw 15 of its levels.

You collected 1391 gold pieces.
You spent 1000 gold pieces at shops.

Inventory:

Hand Weapons
 d - a +1 mace of protection
 l - a +1 flail of draining
 o - the +8 whip of Pidd (weapon) {vorpal, rPois rF- Str+2 Int+5}
   (You bought it in a shop on level 2 of the Orcish Mines)

   It inflicts extra damage upon your enemies.
   Str:       It affects your strength (+2).
   Int:       It affects your intelligence (+5).
   rF:        It makes you vulnerable to fire.
   rPois:     It protects you from poison.
 J - a +1 dagger of electrocution
 L - a +1 trident of protection
 P - a +4 morningstar
 R - a +1 trident of venom
Missiles
 c - 322 stones
 e - 2 silver boomerangs
 g - 10 poisoned darts
 p - 29 boomerangs
 B - 7 javelins
 E - a boomerang of dispersal
 S - 2 curare-tipped darts
Armour
 b - a +0 pair of gloves (worn)
 k - a +0 leather armour
 m - a +3 kite shield (worn)
 I - the +7 scale mail "Mafetsas" (worn) {Regen+}
   (You found it on level 4 of the Dungeon)

   Regen:     It increases your rate of health regeneration.
 N - a scarf of repulsion (worn)
 X - a +1 hat of stealth (worn)
Jewellery
 j - a ring of willpower (left hand)
 F - an amulet of reflection (around neck)
 H - a +4 ring of protection (right hand)
Wands
 a - a wand of acid (2) (quivered)
 O - a wand of iceblast (9)
 T - a wand of polymorph (3)
Scrolls
 h - 3 scrolls of immolation
 y - a scroll of magic mapping
 z - 2 scrolls of silence
 A - 6 scrolls of teleportation
 C - a scroll of brand weapon
Potions
 f - 4 potions of lignification
 i - a potion of ambrosia {unknown}
 q - 2 potions of haste {unknown}
 r - a potion of flight {unknown}
 s - 2 potions of attraction {unknown}
 t - 2 potions of berserk rage
 u - 6 potions of curing
 x - 5 potions of brilliance
 G - 2 potions of magic {unknown}
 K - a potion of might {unknown}
 M - a potion of mutation {unknown}
Miscellaneous
 U - a box of beasts
 V - a lightning rod (4/4)


   Skills:
 + Level 2.8 Fighting
 + Level 0.9 Maces & Flails
 * Level 2.0 Throwing
 * Level 10.3 Armour
 + Level 5.8 Dodging
 - Level 3.1 Stealth
 - Level 4.1 Shields
 * Level 12.9 Spellcasting
 * Level 3.2 Invocations


You had 4 spell levels left.
You knew the following spells:

 Your Spells              Type           Power      Damage    Failure   Level
a - Foxfire               Conj/Fire      100%       2x1d9     1%          1
b - Scorch                Fire           100%       2d10      1%          2
c - Conjure Flame         Conj/Fire      71%        6-21      1%          3
d - Inner Flame           Hex/Fire       71%        N/A       1%          3
e - Flame Wave            Conj/Fire      71%        2d13      3%          4
f - Sandblast             Erth           100%       2d20      1%          1
g - Call Imp              Summ           71%        N/A       1%          2
h - Tukima's Dance        Hex            71%        N/A       1%          3
i - Petrify               Tmut/Erth      71%        N/A       3%          4
j - Freezing Cloud        Conj/Ice/Air   35%        6-21      11%         5
k - Yara's Violent Unrav  Hex/Tmut       35%        3d14      11%         5
Your spell library was empty.

Dungeon Overview and Level Annotations

Branches:
Dungeon (11/15)            Temple (1/1) D:5            Lair (0/6) D:11
    Orc (2/2) D:11            Elf (1/3) Orc:2

Altars:
Ashenzari
Cheibriados
Dithmenos
Elyvilon
Fedhas
Gozag
Hepliaklqana
Kikubaaqudgha
Makhleb
Nemelex Xobeh
Okawaru
Qazlal
Ru
Sif Muna
Trog
Uskayaw
Vehumet
Wu Jian
Xom
Yredelemnul
Zin
The Shining One
Beogh

Shops:
D:5 *   Orc:1 =   Orc:2 (([(


Innate Abilities, Weirdness & Mutations

You are immune to sickness and miasma.
You are immune to poison.
Your flesh is very heat resistant. (rF++)
You are vulnerable to cold. (rC-)
You float through the air rather than walking.
You learn spells naturally, not from books.
Your magical power is your life essence.
You have superior vitality. (+4 MHP)


Message History

Casting: Foxfire (safe; 1% risk of failure)
Confirm with . or Enter, or press ? or * to list all spells.
Flames lash the deep elf pyromancer.
The deep elf pyromancer is heavily wounded.
The deep elf pyromancer's fire resistance burns away.
The deep elf pyromancer casts a spell.
The deep elf pyromancer blinks!
The fire elemental hits you. The fire elemental burns you! You resist.
Your +0 short sword burns!
You block the fire elemental's attack.
Casting: Scorch (safe; 1% risk of failure)
Confirm with . or Enter, or press ? or * to list all spells.
Okay, then.
Unknown command.
Press: ? - help, v - describe, . - travel The floor.
Unknown command.
There is an open door here.
Casting: Scorch (safe; 1% risk of failure)
Confirm with . or Enter, or press ? or * to list all spells.
Aiming: Freezing Cloud (dangerous; 11% risk of failure)
Press: ? - help, Dir - move target, f - fire elemental
Aim: a fire elemental (summoned) That beam is likely to hit you.
Continue anyway?
You are engulfed in freezing vapours.
The fire elemental is engulfed in freezing vapours.
The fire elemental hits you. The fire elemental burns you! You resist.
You are engulfed in freezing vapours.
* * * LOW HITPOINT WARNING * * *
The fire elemental is engulfed in freezing vapours.
You destroy the fire elemental!
The fire elemental disappears in a puff of smoke!
You are engulfed in freezing vapours.
* * * LOW HITPOINT WARNING * * *
A bolt of fire appears from out of your range of vision.
There is an open door here.
Unknown command.
You feel better.
You are engulfed in freezing vapours.
You die...
Fedhas appreciates your contribution to the ecosystem.

#.# ##.## #.#
##.## #.# ##.##
#.# ##.## #.#
##.## +# ##.###+#
##'#..#
############☼§.##
..(......§@§§...#
############§..##
+#§## ###


There were no monsters in sight!

Vanquished Creatures
  Gastronok (D:11)
  A hydra (D:10)
  A centaur warrior (D:9)
  2 two-headed ogres
  A catoblepas (D:10)
  A tengu warrior (D:10)
  Urug (D:11)
  A deep elf pyromancer (Elf:1)
  6 orc knights (Orc:2)
  An orc sorcerer (Orc:2)
  A manticore (D:8)
  A troll (shapeshifter) (D:10)
  3 trolls
  3 hornets
  2 shadows
  4 yaks
  A dancing weapon (D:9)
  A water elemental (Elf:1)
  2 wraiths
  4 wyverns
  5 wargs (Orc:2)
  Grum (D:9)
  A steam dragon (D:9)
  Edmund (D:5)
  3 vampire mosquitoes (D:11)
  2 water moccasins
  An ice beast (D:4)
  29 orc warriors
  A black bear (D:8)
  A necrophage (D:7)
  7 ogres
  2 wolves (D:9)
  5 centaurs
  4 phantoms
  3 kobold brigands
  2 bullfrogs
  A gnoll sergeant (D:9)
  5 scorpions
  A water moccasin skeleton (D:4)
  5 wights (D:8)
  15 killer bees
  2 howler monkeys (D:9)
  A bullfrog zombie (D:7)
  7 centaur zombies
  3 jellies
  2 hounds
  8 orc priests
  2 centaur skeletons
  An iron imp (D:6)
  5 iguanas
  12 orc wizards
  A killer bee zombie (D:9)
  2 hound skeletons
  7 gnolls
  A howler monkey skeleton (D:7)
  6 adders
  A white imp (D:7)
  2 worms
  61 orcs
  3 ball pythons
  An endoplasm (D:2)
  4 giant cockroaches
  3 goblins
  2 hobgoblins
  2 jackals (D:3)
  6 kobolds
  7 quokkas
  3 bats
  3 frilled lizards
  3 rats
294 creatures vanquished.

Vanquished Creatures (collateral kills)
  A gnoll (D:5)
  An orc (Orc:2)
2 creatures vanquished.

Vanquished Creatures (others)
  A dancing weapon (D:5)
  1124 foxfires
  44 plants
1169 creatures vanquished.

Grand Total: 1465 creatures vanquished

Notes
Turn   | Place    | Note
-------+----------+-------------------------------------------
     0 | D:1      | unlimited1921 the Djinni Fire Elementalist began the quest
                  | for the Orb.
     0 | D:1      | Reached XP level 1. HP: 15/15 MP: 0/0
   331 | D:1      | You are sucked into a shaft and drop 1 floor!
   493 | D:2      | Reached XP level 2. HP: 17/21 MP: 0/0
   867 | D:2      | Reached skill level 3 in Spellcasting
   867 | D:2      | Reached XP level 3. HP: 22/25 MP: 0/0
   867 | D:2      | Learned a level 1 spell: Sandblast
  2657 | D:3      | Reached XP level 4. HP: 26/31 MP: 0/0
  3281 | D:3      | Reached skill level 1 in Shields
  3281 | D:3      | Reached XP level 5. HP: 26/35 MP: 0/0
  3281 | D:3      | Learned a level 2 spell: Call Imp
  4454 | D:4      | You are sucked into a shaft and drop 3 floors!
  4465 | D:7      | Reached skill level 4 in Spellcasting
  4466 | D:7      | Reached XP level 6. HP: 31/40 MP: 0/0
  4659 | D:7      | Noticed a wyvern
  4681 | D:7      | Killed a wyvern
  4682 | D:7      | Reached skill level 1 in Armour
  4682 | D:7      | Reached XP level 7. HP: 28/45 MP: 0/0
  4682 | D:7      | Learned a level 3 spell: Tukima's Dance
  4819 | D:7      | Reached skill level 5 in Spellcasting
  5113 | D:7      | Found a shadowy altar of Dithmenos.
  5772 | D:5      | Entered Level 5 of the Dungeon
  5789 | D:5      | Reached XP level 8. HP: 17/50 MP: 0/0
  6094 | D:5      | Noticed Edmund
  6330 | D:5      | Found Ruobeodoh's General Store.
  6334 | D:5      | Bought a scroll of identify for 20 gold pieces
  6334 | D:5      | Bought a scroll of identify for 20 gold pieces
  6334 | D:5      | Bought a scroll of teleportation for 30 gold pieces
  6409 | D:5      | Reached skill level 6 in Spellcasting
  6522 | D:5      | Killed Edmund
  6749 | D:5      | Found a staircase to the Ecumenical Temple.
  6809 | Temple   | Entered the Ecumenical Temple
  6828 | Temple   | Became a worshipper of Fedhas Madash
  7406 | D:5      | Reached skill level 7 in Spellcasting
  8006 | D:4      | Reached XP level 9. HP: 47/55 MP: 0/0
  8006 | D:4      | Learned a level 4 spell: Petrify
  8872 | D:4      | Reached skill level 1 in Fighting
  9964 | D:4      | Identified the +7 scale mail "Mafetsas" {Regen+}
 10190 | D:6      | Found a snail-covered altar of Cheibriados.
 10315 | D:6      | Reached skill level 8 in Spellcasting
 10333 | D:6      | Reached * piety under Fedhas
 11183 | D:6      | Found a burning altar of Makhleb.
 11353 | D:7      | Noticed a hornet
 11357 | D:7      | Killed a hornet
 11788 | D:8      | Reached XP level 10. HP: 28/63 MP: 0/0
 12125 | D:8      | Reached skill level 9 in Spellcasting
 12440 | D:8      | Reached skill level 1 in Throwing
 12934 | D:8      | Reached ** piety under Fedhas
 13259 | D:8      | Noticed a manticore
 13266 | D:8      | Killed a manticore
 13267 | D:8      | Reached skill level 5 in Armour
 13825 | D:9      | Noticed a two-headed ogre
 13827 | D:9      | Noticed a centaur warrior
 13836 | D:9      | Killed a two-headed ogre
 13837 | D:9      | Reached skill level 10 in Spellcasting
 13841 | D:9      | Killed a centaur warrior
 13842 | D:9      | Reached XP level 11. HP: 47/68 MP: 0/0
 13842 | D:9      | Learned a level 5 spell: Freezing Cloud
 14470 | D:9      | Reached *** piety under Fedhas
 14550 | D:9      | Noticed Grum
 14555 | D:9      | Killed Grum
 15009 | D:10     | Entered Level 10 of the Dungeon
 15090 | D:10     | Found a flagged portal.
 15375 | D:10     | Noticed a four-headed hydra
 15375 | D:10     | Noticed a catoblepas
 15376 | D:10     | Noticed a tengu warrior
 15453 | D:10     | Killed a catoblepas
 15481 | D:10     | Found a basalt altar of Yredelemnul.
 15481 | D:10     | Found a faded altar of an unknown god.
 15487 | D:10     | Found a glowing silver altar of Zin.
 15491 | D:10     | Found a shimmering altar of Xom.
 15525 | D:10     | Killed a tengu warrior
 15564 | D:10     | Killed a four-headed hydra
 15565 | D:10     | Reached skill level 5 in Dodging
 16060 | D:11     | Reached XP level 12. HP: 41/76 MP: 0/0
 16305 | D:11     | Found a staircase to the Orcish Mines.
 16360 | D:11     | Noticed a two-headed ogre
 16366 | D:11     | Killed a two-headed ogre
 16778 | D:11     | Reached **** piety under Fedhas
 16902 | D:11     | Reached skill level 11 in Spellcasting
 17023 | D:11     | Noticed Urug
 17069 | D:11     | Killed Urug
 17252 | D:11     | Noticed Gastronok
 17287 | D:11     | Killed Gastronok
 17288 | D:11     | Reached skill level 10 in Armour
 17288 | D:11     | Reached skill level 1 in Invocations
 17612 | D:11     | Found a staircase to the Lair.
 17689 | Orc:1    | Entered Level 1 of the Orcish Mines
 17692 | Orc:1    | Found Hawoan's Jewellery Shop.
 17882 | Orc:2    | Entered Level 2 of the Orcish Mines
 17984 | Orc:2    | Found a staircase to the Elven Halls.
 18100 | Orc:2    | Reached ***** piety under Fedhas
 18122 | Orc:2    | Reached skill level 12 in Spellcasting
 18348 | Orc:2    | Found Miagan Goerph's Weapon Emporium.
 18348 | Orc:2    | Found Harufy's Antique Weapon Shop.
 18445 | Orc:2    | Reached XP level 13. HP: 25/80 MP: 0/0
 18445 | Orc:2    | Learned a level 5 spell: Yara's Violent Unravelling
 18997 | Orc:2    | Found Daitual's Armour Emporium.
 18997 | Orc:2    | Found Beerchy's Weapon Shop.
 19279 | Orc:2    | Bought a +0 pair of gloves for 54 gold pieces
 19996 | Orc:2    | Bought the +8 whip of Pidd {vorpal, rPois rF- Str+2 Int+5}
                  | for 876 gold pieces
 20120 | Elf:1    | Entered Level 1 of the Elven Halls
 20254 | Elf:1    | Engulfed by a cloud of freezing vapour

Illustrated notes

Levels and vault maps discovered:
D:1:      wander_arrival_peaceful_grave, layout_rooms,
          ebering_ecumenical_altar_webs, minmay_quantized
D:2:      layout_rooms
D:3:      layout_basic, mainiacjoe_overflow_alcove_4
D:4:      minmay_chambers_of_fours, layout_layer_cave
D:5:      layout_loops_ring, minmay_temple_entry_mini_moons, serial_shops,
          nicolae_shop_hallway_stairs, uniq_edmund
D:6:      layout_cave_pools, slow_altar_1, kennysheep_little_box,
          grunt_ministairs_11
D:7:      layout_rooms, grunt_dithmenos_shadows,
          minmay_a_box_with_orc_wizards_in_it
D:8:      layout_cave_pools, minmay_bent
D:9:      layout_loops_ring, minmay_chambers_of_fives, uniq_grum
D:10:     layout_big_octagon, chequers_temple_overflow_minitemple,
          enter_bailey_1, minmay_radiant
D:11:     layout_roguey, david_lair_shrubbed, david_orc_2, evilmike_butchery,
          uniq_urug, uniq_gastronok
Temple:   zaba_magenta_temple
Orc:1:    layout_caves, serial_shops, shop, shop, nicolae_shop_crystal,
          uniq_jorgrun
Orc:2:    st_orc_town, layout_caves, gauntlet_entry_generic
Elf:1:    layout_geoelf_diagonals, infiniplex_enter_wizlab_glasses,
          hangedman_elf_represent

Skill      XL: |  1  2  3  4  5  6  7  8  9 10 11 12 13 |
---------------+----------------------------------------+-----
Spellcasting   | 3 4 5 7 8 10 12 | 12.9
Shields        | 1 2 3 4 |  4.1
Stealth        | 2 3 |  3.1
Dodging        | 3 4 5 |  5.8
Armour         | 1 2 3 5 9 10 | 10.3
Fighting       | 1 2 |  2.8
Throwing       | 1 2 |  2.0
Invocations    | 2 3 |  3.2
Maces & Flails | |  0.9

Action                   |  1- 3 |  4- 6 |  7- 9 | 10-12 | 13-15 || total
-------------------------+-------+-------+-------+-------+-------++-------
Melee: Hand axe          |       |     3 |       |       |       ||     3
       Flail             |       |       |     6 |     1 |     1 ||     8
       Quarterstaff      |       |       |     5 |       |       ||     5
Throw: Dart              |       |       |       |     9 |     1 ||    10
 Cast: Foxfire           |    49 |    25 |   107 |   442 |    50 ||   673
       Sandblast         |     2 |     4 |     1 |     5 |       ||    12
       Scorch            |       |    17 |    48 |    94 |    37 ||   196
       Call Imp          |       |     2 |     4 |     6 |     2 ||    14
       Tukima's Dance    |       |       |     8 |     4 |     2 ||    14
       Inner Flame       |       |       |    34 |    91 |    19 ||   144
       Flame Wave        |       |       |     2 |     7 |       ||     9
       Petrify           |       |       |     2 |       |       ||     2
       Freezing Cloud    |       |       |       |     3 |     1 ||     4
Invok: Wall of Briars    |       |       |       |     2 |     1 ||     3
  Use: Scroll            |       |       |     8 |     6 |       ||    14
       Potion            |       |       |     1 |     2 |     2 ||     5
 Stab: Petrified         |       |       |     6 |       |       ||     6
Armor: Robe              |     1 |       |       |       |       ||     1
       Leather armour    |       |     2 |     7 |     6 |       ||    15
       Skin              |       |       |       |    10 |       ||    10
       Scale mail        |       |       |       |    41 |     6 ||    47
Dodge: Dodged            |     4 |    10 |    21 |    34 |     2 ||    71
Block: Kite shield       |       |       |    10 |   146 |    17 ||   173
       Reflection        |       |       |       |    11 |     3 ||    14
